 Dungeon Crawl Stone Soup version 0.29.1-2-gbd0b4ee654 (webtiles) character file.

Game seed: 9862344165408998062

55 KittyFluff the Trooper (level 3, -2/43 HPs)
             Began as a Demonspawn Berserker on Nov 30, 2022.
             Was a Believer of Trog.
             Blown up by Ijyb (15 damage)
             ... with a mindburst bolt
             ... on level 3 of the Dungeon.
             The game lasted 00:09:02 (2651 turns).

KittyFluff the Trooper (Demonspawn Berserker)       Turns: 2651, Time: 00:09:02

Health: -2/43      AC:  3    Str: 19    XL:     3   Next: 67%
Magic:  3/3        EV: 12    Int:  8    God:    Trog [**....]
Gold:   212        SH:  0    Dex: 12    Spells: 2/2 levels left

rFire   . . .      SeeInvis .   a - +0 mace
rCold   . . .      Faith    .   (no shield)
rNeg    . . .      Spirit   .   d - +0 robe
rPois   .          Reflect  .   (no helmet)
rElec   .          Harm     .   (no cloak)
rCorr   .          Rampage  .   (no gloves)
Will    .....                   c - +0 pair of boots
Stlth   ..........              (no amulet)
HPRegen 0.14/turn               (no ring)
MPRegen 0.08/turn               (no ring)

@: berserking (expiring), very quick
A: demonic magic 1
a: Renounce Religion, Berserk, Trog's Hand


You were on level 3 of the Dungeon.
You worshipped Trog.
Trog was pleased with you.
You visited 1 branch of the dungeon, and saw 3 of its levels.

You collected 212 gold pieces.

Inventory:

Hand Weapons
 a - a +0 mace (weapon)
 p - a +0 sling
Missiles
 f - 27 stones (quivered)
 t - 3 poisoned darts
Armour
 c - a +0 pair of boots (worn)
 d - a +0 robe (worn)
Scrolls
 b - a scroll of identify {unknown}
 e - a scroll of fear {unknown}
 g - a scroll of summoning {unknown}
 i - a scroll of silence {unknown}
 r - a scroll of teleportation {unknown}
 s - a scroll of amnesia {unknown}
Potions
 h - a potion of brilliance {unknown}
 j - a potion of mutation {unknown}
 k - a potion of cancellation {unknown}
 l - a potion of magic {unknown}
 m - a potion of heal wounds {unknown}
 n - a potion of berserk rage {unknown}
 o - a potion of resistance {unknown}
 q - a potion of might {unknown}


   Skills:
 + Level 3.4 Fighting
 + Level 3.4 Maces & Flails
 * Level 2.3 Armour
 + Level 2.0 Dodging
 + Level 0.3 Stealth


You had 2 spell levels left.
You didn't know any spells.
Your spell library was empty.

Dungeon Overview and Level Annotations

Branches:
Dungeon (3/15)

Altars:

Annotations:
D:3 Ijyb


Innate Abilities, Weirdness & Mutations

Spells you cast may paralyse adjacent enemies.


Message History

Press: ? - help, Q - select action, (/) - cycle Shift-Dir - straight line, f - Ijyb
Aim: Ijyb, wielding a +0 dagger, wearing a +0 scale mail and carrying a wand of mindburst (21) (53% to hit)
You throw a stone. The stone barely misses Ijyb.
Throw: 31 stones
Press: ? - help, Q - select action, (/) - cycle Shift-Dir - straight line, f/p - Ijyb
Aim: Ijyb, wielding a +0 dagger, wearing a +0 scale mail and carrying a wand of mindburst (21) (53% to hit)
You throw a stone. The stone closely misses Ijyb.
Ijyb screams, "Die!"
Unknown command.
Throw: 30 stones
Press: ? - help, Q - select action, (/) - cycle Shift-Dir - straight line, f/p - Ijyb
Aim: Ijyb, wielding a +0 dagger, wearing a +0 scale mail and carrying a wand of mindburst (21) (53% to hit)
You throw a stone. The stone hits Ijyb but does no damage.
Throw: 29 stones
Press: ? - help, Q - select action, (/) - cycle Shift-Dir - straight line, f/p - Ijyb
Aim: Ijyb, wielding a +0 dagger, wearing a +0 scale mail and carrying a wand of mindburst (21) (53% to hit)
You throw a stone. The stone hits Ijyb but does no damage.
Throw: 28 stones
Press: ? - help, Q - select action, (/) - cycle Shift-Dir - straight line, f/p - Ijyb
Aim: Ijyb, wielding a +0 dagger, wearing a +0 scale mail and carrying a wand of mindburst (21) (53% to hit)
You throw a stone. The stone barely misses Ijyb.
You barely miss Ijyb. Ijyb hits you with a +0 dagger.
You barely miss Ijyb.
Ijyb zaps a wand.
Your mind is blasted!
You closely miss Ijyb. Ijyb barely misses you.
Ijyb zaps a wand.
Your mind is blasted!
A red film seems to cover your vision as you go berserk!
You feel yourself moving faster!
You feel mighty!
Ijyb zaps a wand.
Your mind is blasted!
You closely miss Ijyb. You thump Ijyb!
Ijyb is moderately wounded.
Ijyb closely misses you.
You hit Ijyb but do no damage.
Ijyb is moderately wounded.
Ijyb hits you with a +0 dagger.
* * * LOW HITPOINT WARNING * * *
You completely miss Ijyb.
Ijyb is moderately wounded.
Ijyb zaps a wand.
Your mind is blasted!
You die...

...#.(.........##..)##.#
.#
#....##..########....#.#
#
#..#....##.....>...#...#
.....#..#.......#.###...#
...........<......# .#.#
#...>##..........## .#.#
#.....##.........# . #
#................# .
..........g@.....#
.................#
......<........#
...............#
.................
##...........##
####..........
##.....####


You could see Ijyb.

Vanquished Creatures
  An adder (D:3)
  A dart slug (D:2)
  7 endoplasms
  3 goblins
  6 hobgoblins
  6 kobolds
  3 quokkas
  4 ball pythons
  2 bats
  4 frilled lizards
  A rat (D:1)
38 creatures vanquished.

Notes
Turn   | Place    | Note
-------+----------+-------------------------------------------
     0 | D:1      | KittyFluff the Demonspawn Berserker began the quest for the
                  | Orb.
     0 | D:1      | Reached XP level 1. HP: 18/18 MP: 1/1
   413 | D:1      | Gained mutation: Spells you cast may paralyse adjacent
                  | enemies. [demonic ancestry]
   413 | D:1      | Reached XP level 2. HP: 20/24 MP: 2/2
  1411 | D:2      | Found a faded altar of an unknown god.
  1848 | D:2      | Reached XP level 3. HP: 29/29 MP: 3/3
  1958 | D:2      | Reached ** piety under Trog
  2306 | D:3      | Noticed Ijyb
  2651 | D:3      | Blown up by Ijyb

Illustrated notes

Levels and vault maps discovered:
D:1:      scummos_arrival_checkerplants, layout_basic
D:2:      layout_basic, nicolae_ecumenical_oubliette, grunt_decor_arrowhead
D:3:      layout_rooms, nicolae_tso_besieged_by_evil,
          mainiacjoe_overflow_concentric_impassable, uniq_ijyb, uniq_natasha,
          uniq_jessica, uniq_sigmund

Skill      XL: |  1  2  3 |
---------------+----------+-----
Armour         | 2 |  2.3
Maces & Flails | 3 |  3.4
Dodging        | 2 |  2.0
Fighting       | |  3.4
Stealth        | |  0.3

Action                   || total
-------------------------++-------
Melee: Mace              ||   138
Throw: Stone             ||    15
Invok: Berserk           ||     1
 Stab: Sleeping          ||     1
Armor: Robe              ||    33
       Animal skin       ||     1
Dodge: Dodged            ||    92
